 Dungeon Crawl Stone Soup version 0.29.1-12-g30fa7ad0bf (webtiles) character file.

Game seed: 4063606897549771546

412193 croobank the Severer (level 22, -4/173 HPs)
             Began as a Demonspawn Conjurer on Dec 29, 2022.
             Was an Initiate of Gozag.
             Killed by divine providence
             ... invoked by Saint Roka
              (13 damage)
             ... on level 1 of the Crypt on Dec 30, 2022.
             The game lasted 07:43:18 (80453 turns).

croobank the Severer (Demonspawn Conjurer)         Turns: 80453, Time: 07:43:18

Health: -4/173     AC: 22    Str: 17    XL:     22   Next: 49%
Magic:  16/39      EV: 20    Int: 39    God:    Gozag
Gold:   6587       SH: 12    Dex: 19    Spells: 0/48 levels left

rFire   + . .      SeeInvis +   i - +8 mithril axe "Arga" {speed, Will+}
rCold   + . .      Faith    .   c - +1 buckler "Xicewes" {rElec Dex+3}
rNeg    . . .      Spirit   .   r - +4 troll leather armour
rPois   +          Reflect  .   (helmet unavailable)
rElec   +          Harm     .   n - scarf {repulsion}
rCorr   .          Rampage  .   (no gloves)
Will    ++++.                   K - +1 pair of boots "Xoteseinn" {Will++ Int+5}
Stlth   +++++.....              Y - amulet "Ruralu" {Acrobat Str+3 Int+6}
HPRegen 1.18/turn               a - ring of Wu Jian's Whim {rF+ AC+4 Str+4 Stlth-}
MPRegen 0.26/turn               y - ring of Xom's Bemusement {rPois Dex+4 Slay+4}

@: studying Short Blades, repel missiles
A: antennae 3, icy blue scales 3, icemail 1, condensation shield, demonic magic
3, bedeviling
}: 2/15 runes: barnacled, gossamer
a: Renounce Religion, Potion Petition, Call Merchant, Bribe Branch


You were on level 1 of the Crypt.
You worshipped Gozag.
Gozag was greatly pleased with you.
You visited 10 branches of the dungeon, and saw 43 of its levels.
You visited 2 bazaars.
You also visited: Sewer, Bailey, Gauntlet and Ice Cave.

You collected 20957 gold pieces.
You spent 10564 gold pieces at shops.
You paid 3806 gold pieces to Gozag.

Inventory:

Hand Weapons
 i - the +8 mithril axe "Arga" (weapon) {speed, Will+}
   (You bought it in a shop in a bazaar)

   Attacks with this weapon are significantly faster.
   Will:      It increases your willpower.
 p - a +9 demon whip of flaming
 G - a +9 dagger
 W - the +6 hand axe "Wuwnoot" {vorpal, rPois rC+++ Int-3 Stlth+}
   (You found it on level 5 of the Lair of Beasts)

   It inflicts extra damage upon your enemies.
   Int:       It affects your intelligence (-3).
   rC:        It renders you almost immune to cold.
   rPois:     It protects you from poison.
   Stlth:     It makes you more stealthy.
Missiles
 F - 2 throwing nets
 T - 5 curare-tipped darts (quivered)
Armour
 c - the +1 buckler "Xicewes" (worn) {rElec Dex+3}
   (You found it on level 3 of the Shoals)

   Dex:       It affects your dexterity (+3).
   rElec:     It insulates you from electricity.
 n - a scarf of repulsion (worn)
 r - a +4 troll leather armour (worn)
 K - the +1 pair of boots "Xoteseinn" (worn) {Will++ Int+5}
   (You acquired it on level 11 of the Dungeon)

   Int:       It affects your intelligence (+5).
   Will:      It greatly increases your willpower.
Jewellery
 a - the ring of Wu Jian's Whim (left hand) {rF+ AC+4 Str+4 Stlth-}
   (You bought it in a shop on level 11 of the Dungeon)

   [ring of protection]

   AC:        It affects your AC (+4).
   Str:       It affects your strength (+4).
   rF:        It protects you from fire.
   Stlth:     It makes you less stealthy.
 h - a ring of protection from cold
 u - a ring of willpower
 w - a ring of protection from fire
 y - the ring of Xom's Bemusement (right hand) {rPois Dex+4 Slay+4}
   (You found it on level 4 of the Dungeon)

   [ring of slaying]

   Dex:       It affects your dexterity (+4).
   Slay:      It affects your accuracy & damage with ranged weapons and melee
   (+4).
   rPois:     It protects you from poison.
 A - a +6 ring of dexterity
 E - the amulet "Geririf" {Spirit rN+ Int+4}
   (You bought it in a shop on level 4 of the Depths)

   [amulet of guardian spirit]

   It causes incoming damage to be divided between your reserves of health and
   magic.
   Int:       It affects your intelligence (+4).
   rN:        It protects you from negative energy.
 O - a +6 ring of intelligence
 Q - a ring of flight
 S - a +6 ring of strength
 Y - the amulet "Ruralu" (around neck) {Acrobat Str+3 Int+6}
   (You bought it in a shop on level 11 of the Dungeon)

   [amulet of the acrobat]

   It increases your evasion while moving and waiting.
   Str:       It affects your strength (+3).
   Int:       It affects your intelligence (+6).
 Z - the ring of Xaumufus {rCorr MP+9 Str+2 Slay+3}
   (You bought it in a shop on level 11 of the Dungeon)

   [ring of magical power]

   Str:       It affects your strength (+2).
   Slay:      It affects your accuracy & damage with ranged weapons and melee
   (+3).
   MP:        It affects your magic capacity (+9).
   rCorr:     It protects you from acid and corrosion.
Wands
 B - a wand of roots (10)
 H - a wand of flame (36)
 I - a wand of mindburst (15)
 M - a wand of acid (18)
 P - a wand of digging (2)
Scrolls
 d - 2 scrolls of magic mapping
 f - 5 scrolls of butterflies
 g - 3 scrolls of fear
 l - 3 scrolls of blinking
 o - 3 scrolls of immolation
 N - 19 scrolls of teleportation
Potions
 b - 3 potions of cancellation
 e - a potion of magic
 k - 2 potions of resistance
 m - 10 potions of curing
 t - 7 potions of brilliance
 x - 5 potions of haste
 z - 5 potions of attraction
 R - 7 potions of mutation
 U - 11 potions of lignification
 V - 18 potions of ambrosia
Miscellaneous
 s - a tin of tremorstones (2/2)
 C - a phial of floods (inert)
 J - a phantom mirror (inert)
 L - a condenser vane (inert)


   Skills:
 + Level 14.5 Fighting
 - Level 10.0 Short Blades
 + Level 17.6 Axes
 - Level 13.0 Dodging
 - Level 13.9 Stealth
 - Level 10.0 Shields
 - Level 13.7 Spellcasting
 + Level 10.9 Conjurations
 + Level 9.0 Hexes
 + Level 7.4 Summonings
 - Level 9.3 Translocations
 + Level 6.8 Transmutations
 + Level 6.3 Ice Magic
 + Level 6.2 Air Magic
 - Level 5.0 Earth Magic


You couldn't memorise any spells.
You knew the following spells:

 Your Spells              Type           Power      Damage    Failure   Level
a - Magic Dart            Conj           100%       1d8       1%          1
b - Searing Ray           Conj           100%       2d8       1%          2
c - Dazzling Flash        Conj/Hex       100%       N/A       1%          3
d - Iskenderun's Mystic   Conj/Tloc      82%        2d16      1%          4
e - Fulminant Prism       Conj/Hex       51%        3d23      1%          4
f - Blink                 Tloc           100%       N/A       1%          2
g - Irradiate             Conj/Tmut      38%        3d24      1%          5
h - Summon Guardian Gole  Hex/Summ       94%        N/A       1%          3
i - Petrify               Tmut/Erth      65%        N/A       1%          4
j - Yara's Violent Unrav  Hex/Tmut       46%        3d18      1%          5
k - Freezing Cloud        Conj/Ice/Air   36%        6-21      1%          5
l - Summon Mana Viper     Hex/Summ       94%        N/A       1%          5
m - Summon Forest         Summ/Tloc      37%        N/A       1%          5

Your spell library contained the following spells:

 Spells                   Type           Power      Damage    Failure   Level
 Apportation              Tloc           100%       N/A       1%          1
 Freeze                   Ice            100%       1d11      1%          1
 Necrotise                Necr           100%       1d9       1%          1
 Slow                     Hex            100%       N/A       1%          1
 Summon Small Mammal      Summ           100%       N/A       1%          1
 Call Imp                 Summ           71%        N/A       1%          2
 Static Discharge         Conj/Air       76%        3-13/arc  1%          2
 Call Canine Familiar     Summ           71%        N/A       1%          3
 Confusing Touch          Hex            98%        N/A       1%          3
 Frozen Ramparts          Ice            100%       1d16      1%          3
 Lesser Beckoning         Tloc           79%        N/A       1%          3
 Mephitic Cloud           Conj/Pois/Air  64%        N/A       1%          3
 Ozocubu's Armour         Ice            66%        N/A       1%          3
 Portal Projectile        Hex/Tloc       100%       N/A       1%          3
 Animate Armour           Summ/Erth      100%       N/A       1%          4
 Hailstorm                Conj/Ice       76%        3d16      1%          4
 Leda's Liquefaction      Hex/Erth       44%        N/A       1%          4
 Summon Ice Beast         Ice/Summ       69%        N/A       1%          4
 Summon Lightning Spire   Summ/Air       69%        N/A       1%          4
 Lightning Bolt           Conj/Air       38%        1d56      1%          5
 Manifold Assault         Tloc           79%        N/A       1%          5
 Sublimation of Blood     Necr           26%        N/A       2%          2
 Ignite Poison            Fire/Tmut/Pois 44%        N/A       2%          3
 Metabolic Englaciation   Hex/Ice        46%        N/A       2%          5
 Silence                  Hex/Air        46%        N/A       2%          5
 Blade Hands              Tmut           34%        N/A       3%          5
 Vampiric Draining        Necr           26%        2d7       5%          3
 Iron Shot                Conj/Erth      36%        9d7       11%         6
 Alistair's Intoxication  Tmut/Pois      34%        N/A       13%         5
 Summon Cactus Giant      Summ           35%        N/A       14%         6
 Orb of Destruction       Conj           42%        9d12      17%         7
 Dispel Undead            Necr           26%        3d13      19%         4
 Olgreb's Toxic Radiance  Pois           26%        N/A       19%         4
 Borgnjor's Vile Clutch   Necr/Erth      23%        N/A       19%         5
 Starburst                Conj/Fire      31%        6d9       30%         6
 Enfeeble                 Hex            49%        N/A       36%         7
 Spellforged Servitor     Conj/Summ      39%        N/A       36%         7
 Agony                    Necr           26%        N/A       45%         5
 Eringya's Noxious Bog    Tmut/Pois      26%        N/A       56%         6
 Monstrous Menagerie      Summ           35%        N/A       58%         7
 Ozocubu's Refrigeration  Ice            33%        4d14      75%         7
 Death Channel            Necr           13%        N/A       96%         6
 Ignition                 Fire           13%        3d6       100%        8
 Maxwell's Capacitive Co  Air            33%        ∞         100%        8
 Polar Vortex             Ice            33%        N/A       100%        9
 Corpse Rot               Necr/Pois/Air  Unusable   N/A       N/A         4
 Simulacrum               Ice/Necr       Unusable   N/A       N/A         6

Dungeon Overview and Level Annotations

Branches:
Dungeon (15/15)            Temple (1/1) D:4            Lair (5/5) D:11
 Shoals (4/4) Lair:2       Spider (4/4) Lair:2        Slime (0/5) Lair:5
    Orc (2/2) D:9             Elf (3/3) Orc:2        Vaults (4/5) D:13
  Crypt (1/3) Vaults:3     Depths (4/4) D:15            Zot (0/5) Depths:4
  Sewer (visited)          Bailey (visited)           IceCv (visited)
Gauntlet (visited)

Altars:
Ashenzari
Cheibriados
Dithmenos
Fedhas
Gozag
Hepliaklqana
Kikubaaqudgha
Makhleb
Nemelex Xobeh
Okawaru
Qazlal
Ru
Uskayaw
Vehumet
Wu Jian
Xom
Jiyva

Shops:
D:6 [   D:11 =   D:14 [   Orc:1 **   Orc:2 :((*[[   Elf:1 (   Elf:2 *
Spider:4 *   Vaults:1 :   Vaults:2 (   Vaults:3 :   Depths:1 ?   Depths:4 ::=

Portals:
Hell: Depths:1 Depths:2 Depths:3 Depths:4
Abyss: Depths:2 Depths:3
Pandemonium: Depths:2
Ziggurat: Depths:4

Annotations:
D:11 1 runed translucent door
D:13 1 runed translucent door, Xyoprad's ghost, journeyman FoFi
Shoals:2 3 runed translucent doors
Shoals:3 3 runed translucent doors, ctx's ghost, adept GnFi
Shoals:4 Roxanne
Spider:3 2 transporters, exclusion: orange crystal statue
Crypt:1 Saint Roka
Depths:1 1 runed translucent door


Innate Abilities, Weirdness & Mutations

You have a pair of large antennae on your head. (SInv)
You are completely covered in icy blue scales. (AC +4, rC+)
A meltable icy envelope protects you from harm. (AC +4)
A meltable shield of frost defends you. (SH +4)
Spells you cast and wands you use may paralyse nearby enemies.
Your hexes are more powerful.


Message History

Saint Roka is severely wounded.
You hit the jiangshi. x2; The jiangshi closely misses you.
The jiangshi claws you!
* * * LOW HITPOINT WARNING * * *
The jiangshi draws strength from your injuries!
You feel much better.
The freezing wraith is no longer distracted by gold.
You block the jiangshi's attack. The jiangshi barely misses you.
You block the jiangshi's attack. x2
Saint Roka hits you with a +0 vorpal great sword!!
* * * LOW HITPOINT WARNING * * *
x2 The jiangshi claws you but does no damage.
The jiangshi claws you!
* * * LOW HITPOINT WARNING * * *
The jiangshi draws strength from your injuries!
Okay, then.
You fade into invisibility!
You block the jiangshi's attack. The jiangshi closely misses you.
You block the jiangshi's attack. The jiangshi misses you.
The jiangshi claws you!
* * * LOW HITPOINT WARNING * * *
The jiangshi draws strength from your injuries!
You block the jiangshi's attack.
Saint Roka hits you with a +0 vorpal great sword.
* * * LOW HITPOINT WARNING * * *
x2 The jiangshi is no longer distracted by gold.
You block the jiangshi's attack. The jiangshi completely misses you.
Okay, then.
Okay, then.
You feel yourself speed up.
The jiangshi claws you but does no damage.
You block the jiangshi's attack. x3; Saint Roka misses you.
Your magical effects are unravelling.
You feel magically purged.
You feel yourself slow down.
You flicker back into view.
You feel a little less mighty now.
Your hearing returns.
Saint Roka mumbles some strange prayers to Beogh against you.
Beogh smites you!
You die...
Your body crumbles into a pile of gold.

#.$$Z$.#######...
..####.$$.°.....#
.. .##
###$....######..
. #.VV.........#
# #..#.$........#
#W##....V.....#
#. #...Z......#
.. #....W.....#
## #.....o.@..#
##..########
#.... #....
...>.. ##.... #..
$ $


You could see Saint Roka, 2 jiangshi, a freezing wraith and a titan zombie.

Vanquished Creatures
  Mara (Spider:3)
  Parghit (Depths:3)
  Vv (Depths:3)
  Margery (Depths:3)
  A golden dragon (Depths:4)
  Nikola (Shoals:1)
  A bone dragon (Depths:1)
  Arachne (Spider:3)
  Zenata (Vaults:1)
  2 deep elf blademasters
  2 liches
  3 deep elf master archers (Elf:3)
  A kraken (Shoals:1)
  Agnes (Spider:2)
  An ancient champion (Vaults:3)
  A shadow dragon (Depths:4)
  Donald (Spider:3)
  A tengu reaver (Depths:3)
  4 fire giants
  A balrug (Depths:1)
  4 deep elf sorcerers (Elf:3)
  Aizul (Spider:1)
  5 orc warlords
  4 frost giants
  3 ghost moths (Spider:4)
  Louise (Depths:2)
  A cacodemon (Depths:2)
  5 emperor scorpions
  4 spectral caustic shrikes (Depths:4)
  4 draconian stormcallers (Depths:4)
  A draconian scorcher (Depths:4)
  4 vault wardens
  5 stone giants
  4 deep elf elementalists (Elf:3)
  17 ironbound preservers
  2 broodmothers (Spider:4)
  4 ironbound thunderhulks
  A spriggan defender (Depths:4)
  A war gargoyle (Vaults:2)
  18 very ugly things
  7 deep elf demonologists
  3 vampire knights
  Nessos (Lair:5)
  9 entropy weavers
  A minotaur (Gauntlet)
  2 red draconians (Depths:4)
  3 deep elf annihilators
  2 dire elephants (Vaults:1)
  A purple draconian (Depths:4)
  5 spark wasps
  An eidolon (Vaults:3)
  Snorg (Orc:1)
  5 deep elf death magi (Elf:3)
  2 merfolk javelineers (Shoals:4)
  8 ettins
  5 fire dragons
  Josephine (Lair:4)
  A jiangshi (Crypt:1)
  7 great orbs of eyes
  6 merfolk impalers
  4 yaktaur captains
  A vault guard (Vaults:2)
  6 deep elf high priests
  7 hydras
  A peacekeeper (Vaults:2)
  A hell beast (Depths:1)
  9 boulder beetles
  8 ironbound frosthearts
  5 ice dragons
  3 jorogumos
  A catoblepas (D:14)
  4 ogre magi (Orc:2)
  2 merfolk avatars
  16 centaur warriors
  3 satyrs (Shoals:4)
  5 radroaches
  3 merfolk aquamancers
  A death yak (Lair:5)
  A spriggan air mage (Depths:4)
  16 two-headed ogres
  26 dancing weapons
  A hell hog (Gauntlet)
  6 deep troll shamans
  7 deep troll earth magi
  3 vampire magi
  7 tengu warriors
  2 orc high priests
  A spriggan berserker (Depths:3)
  A shock serpent (shapeshifter) (D:15)
  16 hell knights
  A soul eater (Crypt:1)
  19 deep elf knights
  3 spriggans (Depths:4)
  A sixfirhy (Depths:2)
  9 iron trolls
  5 pharaoh ants
  A quicksilver dragon simulacrum (Depths:1)
  6 sea snakes
  A goliath frog (Lair:5)
  A steelbarb worm (Spider:1)
  54 deep trolls
  4 orb spiders
  5 wizards
  19 orc knights
  24 deep elf zephyrmancers
  9 ironbound convokers
  49 ugly things
  30 deep elf pyromancers
  10 lindwurms
  17 harpies
  10 deep elf archers
  21 fauns
  A necromancer (Depths:1)
  A frost giant zombie (Crypt:1)
  14 manticores
  22 wolf spiders
  4 orc sorcerers
  An oklob plant (D:6)
  8 cyclopes
  Maurice (D:13)
  4 black mambas
  13 vault sentinels
  5 moths of wrath
  9 merfolk sirens
  A smoke demon (D:12)
  3 water nymphs
  12 elephants
  18 cane toads
  4 torpor snails
  An orange demon (Depths:2)
  4 komodo dragons
  2 rime drakes
  6 demonic crawlers
  19 yaktaurs
  A kobold demonologist (D:12)
  3 tengu conjurers
  9 trolls
  An ice devil (Depths:2)
  A death yak skeleton (Crypt:1)
  36 merfolk
  4 wind drakes
  7 meliai
  A hornet (shapeshifter) (D:13)
  A queen bee (Lair:1)
  Prince Ribbit (D:8)
  4 polar bears
  3 hornets (Depths:4)
  A raiju (shapeshifter) (D:14)
  15 tarantellas
  7 slime creatures
  8 dream sheep
  23 blink frogs
  4 snapping turtles
  3 tyrant leeches (Lair:5)
  3 air elementals
  23 jumping spiders
  Sigmund (D:4)
  21 culicivoras
  A shadow (D:13)
  5 wyverns
  6 wraiths
  18 water elementals
  45 yaks
  A chaos spawn (Depths:2)
  2 fire elementals (Elf:2)
  A hog (shapeshifter) (D:14)
  A golden eye (shapeshifter) (D:15)
  4 basilisks
  3 fire bats (Gauntlet)
  50 redbacks
  6 hogs (Lair:4)
  A harpy simulacrum (IceCv)
  14 vampire mosquitoes
  Edmund (D:4)
  4 wargs
  12 water moccasins
  3 hell hounds (Gauntlet)
  A demonspawn skeleton (Crypt:1)
  5 black bears
  41 orc warriors
  2 sky beasts
  31 ogres
  3 boggarts (Vaults:2)
  22 wolves
  11 centaurs
  2 phantoms (D:6)
  10 kobold brigands
  19 bullfrogs
  3 scorpions
  A necrophage (D:7)
  A cane toad simulacrum (Lair:2)
  7 earth elementals
  A gnoll sergeant (D:9)
  3 wights (D:8)
  A troll zombie (Crypt:1)
  44 killer bees
  An elephant simulacrum (Lair:2)
  4 electric eels
  3 nameless horrors
  6 howler monkeys
  An iron imp (D:8)
  9 hounds
  28 orc priests
  4 jellies
  4 iguanas
  Ijyb (D:4)
  29 orc wizards
  5 hell rats (Lair:2)
  2 wolf simulacra (IceCv)
  20 adders
  6 gnolls
  3 river rats (Sewer)
  A shadow imp (Gauntlet)
  A steam dragon skeleton (Crypt:1)
  5 white imps
  An ufetubus (D:7)
  2 worms
  2 dart slugs (D:1)
  102 orcs
  12 ball pythons
  7 bats
  7 endoplasms
  2 giant cockroaches
  5 goblins
  8 hobgoblins
  3 jackals (D:3)
  7 quokkas
  3 frilled lizards
  32 kobolds
  13 rats
  3 tentacles (Shoals:1)
1715 creatures vanquished.

Vanquished Creatures (collateral kills)
  A walking crystal tome (Depths:3)
  Frances (D:13)
  A fire giant (Depths:2)
  2 deep elf sorcerers (Elf:3)
  A frost giant (Depths:2)
  2 deep elf demonologists (Elf:3)
  3 deep elf annihilators (Elf:3)
  A deep elf high priest (Elf:3)
  4 death yaks
  2 deep troll shamans
  A hell knight (Depths:4)
  A pharaoh ant (Spider:2)
  3 deep trolls
  A deep elf zephyrmancer (Elf:3)
  2 deep elf pyromancers (Elf:3)
  3 necromancers
  2 ugly things (Depths:2)
  2 vault sentinels
  2 rust devils (Depths:2)
  2 meliai (D:13)
  A water elemental (D:11)
  A culicivora (Spider:2)
  A wraith (Vaults:3)
  2 yaks (Lair:5)
  A neqoxec (Depths:2)
  2 chaos spawn (Depths:2)
  3 orc warriors (D:9)
  A bullfrog (Lair:5)
  An electric eel (D:11)
  An orc priest (D:9)
  An orc wizard (D:9)
  5 orcs (D:9)
57 creatures vanquished.

Vanquished Creatures (others)
  Asterion (Spider:2)
  Kirke (Lair:4)
  A frost giant (Depths:3)
  A stone giant (Depths:3)
  A black draconian (Depths:4)
  2 ettins
  A dancing weapon (Elf:3)
  A deep troll earth mage (Depths:4)
  A deep elf knight (Elf:1)
  A sixfirhy (Depths:2)
  Sonja (D:11)
  A moth of wrath (Spider:3)
  2 yaktaurs (Vaults:1)
  A tengu conjurer (Depths:1)
  A wind drake (Shoals:1)
  A blink frog (Lair:5)
  A snapping turtle (Shoals:4)
  A jumping spider (Spider:4)
  A culicivora (Spider:2)
  A human (Lair:4)
  A bush (Lair:5)
  40 demonic plants (Gauntlet)
  9 fulminant prisms
  49 fungi
  314 plants
  6 tentacles (Shoals:1)
441 creatures vanquished.

Grand Total: 2213 creatures vanquished

Notes
Turn   | Place    | Note
-------+----------+-------------------------------------------
     0 | D:1      | croobank the Demonspawn Conjurer began the quest for the
                  | Orb.
     0 | D:1      | Reached XP level 1. HP: 13/13 MP: 3/3
   221 | D:2      | Gained mutation: Spells you cast may paralyse adjacent
                  | enemies. [demonic ancestry]
   221 | D:2      | Reached XP level 2. HP: 20/20 MP: 3/5
   544 | D:2      | Learned a level 2 spell: Searing Ray
   758 | D:1      | Reached skill level 1 in Fighting
   834 | D:1      | Gained mutation: You have a pair of small antennae on your
                  | head. [demonic ancestry]
   834 | D:1      | Reached XP level 3. HP: 19/26 MP: 0/6
   919 | D:1      | Learned a level 3 spell: Dazzling Flash
  1419 | D:1      | Found a faded altar of an unknown god.
  1749 | D:2      | Gained mutation: A meltable shield of frost defends you.
                  | (SH +4) [demonic ancestry]
  1749 | D:2      | Reached XP level 4. HP: 32/32 MP: 3/7
  2518 | D:3      | Reached skill level 1 in Hexes
  2664 | D:3      | Found a shadowy altar of Dithmenos.
  2741 | D:3      | Found a shimmering altar of Xom.
  2821 | D:3      | Reached XP level 5. HP: 38/38 MP: 4/9
  3527 | D:4      | Noticed Sigmund
  3643 | D:4      | Noticed Edmund
  3658 | D:4      | Killed Edmund
  3659 | D:4      | Reached XP level 6. HP: 44/44 MP: 1/10
  3752 | D:4      | Killed Sigmund
  3852 | D:4      | Reached skill level 5 in Conjurations
  3863 | D:4      | Reached XP level 7. HP: 45/51 MP: 5/11
  3953 | D:4      | Found a glowing drain.
  3968 | Sewer    | Entered a sewer
  4160 | Sewer    | Learned a level 4 spell: Iskenderun's Mystic Blast
  4498 | Sewer    | Reached skill level 1 in Translocations
  4810 | D:4      | Identified the ring of Xom's Bemusement {rPois Dex+4
                  | Slay+4}
  4828 | D:4      | Found a staircase to the Ecumenical Temple.
  4837 | Temple   | Entered the Ecumenical Temple
  4855 | Temple   | Became a worshipper of Gozag Ym Sagoz the Greedy
  4952 | D:4      | Identified the +0 robe of Slovenliness {Harm Rampage Drain
                  | Will- Str+6}
  5009 | D:4      | Noticed Ijyb
  5048 | D:4      | Killed Ijyb
  5365 | D:4      | Found a hazy altar of Hepliaklqana.
  5443 | D:5      | Entered Level 5 of the Dungeon
  5797 | D:5      | Gained mutation: A meltable icy envelope protects you from
                  | harm. (AC +4) [demonic ancestry]
  5797 | D:5      | Reached XP level 8. HP: 50/58 MP: 9/13
  6970 | D:6      | Found Ergh's Antique Armour Shoppe.
  6979 | D:6      | Bought a troll leather armour for 405 gold pieces
  7381 | D:6      | Found a blossoming altar of Fedhas.
  7403 | D:6      | Noticed an oklob plant
  7668 | D:6      | Reached XP level 9. HP: 37/65 MP: 15/15
  7822 | D:7      | Reached skill level 5 in Stealth
  7847 | D:7      | Noticed a komodo dragon
  7858 | D:7      | Killed a komodo dragon
  7859 | D:7      | Reached skill level 5 in Translocations
  8040 | D:7      | Found a flagged portal.
  8051 | D:7      | Reached skill level 5 in Dodging
  8053 | D:7      | Reached skill level 5 in Spellcasting
  8057 | D:7      | Reached skill level 5 in Fighting
  8058 | Bailey   | Entered a bailey
  8171 | Bailey   | Learned a level 4 spell: Fulminant Prism
  8279 | Bailey   | Noticed an orc knight
  8287 | Bailey   | Gained mutation: You are partially covered in icy blue
                  | scales. (AC +2) [demonic ancestry]
  8287 | Bailey   | Reached XP level 10. HP: 65/74 MP: 17/17
  8291 | Bailey   | Reached skill level 5 in Hexes
  8293 | Bailey   | Killed an orc knight
  8672 | D:7      | Found an ornate altar of the Wu Jian Council.
  9660 | D:8      | Reached skill level 1 in Shields
  9733 | D:8      | Learned a level 2 spell: Blink
  9737 | D:8      | Found a snail-covered altar of Cheibriados.
 10128 | D:8      | Noticed Prince Ribbit
 10137 | D:8      | Killed Prince Ribbit
 10664 | D:9      | Noticed a +0 short sword
 10664 | D:9      | Noticed a +0 falchion
 10665 | D:9      | Noticed a +0 dagger
 10665 | D:9      | Noticed a +0 short sword
 10665 | D:9      | Noticed a +0 spear
 10666 | D:9      | Noticed a +0 falchion
 10666 | D:9      | Noticed a +0 dagger
 10667 | D:9      | Noticed a +0 spear
 10880 | D:9      | Found a broken altar of Ashenzari.
 10904 | D:9      | Gained mutation: You have a pair of antennae on your head.
                  | [demonic ancestry]
 10904 | D:9      | Reached XP level 11. HP: 71/81 MP: 17/20
 11021 | D:9      | Found a hide-covered altar of Uskayaw.
 11352 | D:9      | Found a staircase to the Orcish Mines.
 11614 | D:10     | Entered Level 10 of the Dungeon
 11756 | D:10     | Found a radiant altar of Vehumet.
 11761 | D:10     | Noticed a two-headed ogre
 11771 | D:10     | Killed a two-headed ogre
 13056 | D:11     | Identified a scroll of acquirement
 13056 | D:11     | Acquired the +1 pair of boots "Xoteseinn" {Will++ Int+5}
 13143 | D:11     | Noticed Sonja
 13176 | D:11     | Your ally Sonja died
 13269 | D:11     | Found a staircase to the Lair.
 13396 | D:11     | Reached skill level 1 in Short Blades
 13983 | D:11     | Noticed a boulder beetle
 14002 | D:11     | Killed a boulder beetle
 14561 | D:11     | Found a runed translucent door.
 14732 | D:11     | Noticed a fire crab
 15016 | D:11     | Reached skill level 5 in Shields
 15670 | D:12     | Noticed a two-headed ogre
 15673 | D:12     | Noticed a two-headed ogre
 15679 | D:12     | Killed a two-headed ogre
 15680 | D:12     | Reached XP level 12. HP: 89/89 MP: 15/22
 15681 | D:12     | Killed a two-headed ogre
 15753 | D:12     | Noticed a five-headed hydra
 15819 | D:11     | Bought a ring of poison resistance for 220 gold pieces
 15819 | D:11     | Bought the amulet "Ruralu" {Acrobat Str+3 Int+6} for 614
                  | gold pieces
 15819 | D:11     | Bought the ring of Xaumufus {rCorr MP+9 Str+2 Slay+3} for
                  | 543 gold pieces
 15862 | Lair:1   | Entered Level 1 of the Lair of Beasts
 17212 | Lair:2   | Found a hole to the Spider Nest.
 17282 | Lair:2   | Identified the ring of Irax {rPois Int+3}
 17290 | Lair:2   | Found a frozen archway.
 17370 | IceCv    | Entered an ice cave
 17486 | IceCv    | Found a transporter.
 17499 | IceCv    | Found a transporter.
 17977 | Lair:2   | Reached XP level 13. HP: 81/97 MP: 13/24
 18338 | Lair:2   | Found a staircase to the Shoals.
 18466 | Lair:2   | Reached skill level 5 in Short Blades
 18802 | Lair:3   | Acquired 744 gold pieces
 19093 | Lair:3   | You fall into a shaft and drop 1 floor!
 19146 | Lair:4   | Noticed Kirke
 19161 | Lair:4   | Killed Kirke
 20469 | Lair:4   | Noticed Josephine
 20484 | Lair:4   | Killed Josephine
 21278 | Lair:5   | Entered Level 5 of the Lair of Beasts
 21284 | Lair:5   | Noticed Nessos
 21302 | Lair:5   | Killed Nessos
 21998 | Lair:5   | Reached XP level 14. HP: 106/106 MP: 13/26
 23268 | Lair:5   | Identified the +6 hand axe "Wuwnoot" {vorpal, rPois rC+++
                  | Int-3 Stlth+}
 23497 | Lair:5   | Reached skill level 10 in Conjurations
 23650 | Lair:5   | Found a viscous altar of Jiyva.
 23650 | Lair:5   | Found a staircase to the Slime Pits.
 24165 | D:9      | Learned a level 5 spell: Irradiate
 24166 | Orc:1    | Entered Level 1 of the Orcish Mines
 24172 | Orc:1    | Noticed Snorg
 24186 | Orc:1    | Killed Snorg
 24546 | Orc:1    | Found Ywilagg's General Store.
 24585 | Orc:1    | Found Byuggip's Specific Store.
 25003 | Orc:2    | Entered Level 2 of the Orcish Mines
 25023 | Orc:2    | Reached skill level 1 in Transmutations
 26000 | Orc:2    | Reached skill level 10 in Shields
 26045 | Orc:2    | Found Hyneibac's Self-Improvement Boutique.
 26062 | Orc:2    | Bought a manual of Short Blades for 1200 gold pieces
 26138 | Orc:2    | Found a staircase to the Elven Halls.
 26302 | Orc:2    | Gained mutation: You have a pair of large antennae on your
                  | head. (SInv) [demonic ancestry]
 26302 | Orc:2    | Reached XP level 15. HP: 111/115 MP: 3/28
 26545 | Orc:1    | Noticed an orc warlord
 26572 | Orc:1    | Killed an orc warlord
 26986 | Orc:2    | Found Dooroovi's Antique Weapon Shoppe.
 27056 | Orc:2    | Found Avaebint's General Store.
 27057 | Orc:2    | Found Abopinou's Antique Weapon Shop.
 27057 | Orc:2    | Found Hichubu's Armour Shoppe.
 27057 | Orc:2    | Found Vuperem's Armour Boutique.
 27075 | Orc:2    | Reached skill level 10 in Fighting
 27075 | Orc:2    | Reached skill level 10 in Stealth
 27489 | D:12     | Found a burning altar of Makhleb.
 28014 | D:13     | Found a gate to the Vaults.
 28092 | D:13     | Found a gate leading to a gauntlet.
 28111 | Gauntlet | Entered a Gauntlet
 28111 | Gauntlet | Found a large runed translucent door.
 28111 | Gauntlet | Found a large runed translucent door.
 28111 | Gauntlet | Found a large runed translucent door.
 28111 | Gauntlet | Found a large runed translucent door.
 28111 | Gauntlet | Found a large runed translucent door.
 28111 | Gauntlet | Found a large runed translucent door.
 28111 | Gauntlet | Found a runed translucent door.
 28111 | Gauntlet | Found a transporter.
 28111 | Gauntlet | Found a transporter.
 28111 | Gauntlet | Found a runed translucent door.
 28111 | Gauntlet | Found a large runed translucent door.
 28111 | Gauntlet | Found a large runed translucent door.
 28111 | Gauntlet | Found a large runed translucent door.
 28111 | Gauntlet | Found a large runed translucent door.
 28111 | Gauntlet | Found a large runed translucent door.
 28111 | Gauntlet | Found a large runed translucent door.
 28115 | Gauntlet | Found a transporter.
 28128 | Gauntlet | Found a transporter.
 28163 | Gauntlet | Found a transporter.
 28173 | Gauntlet | Found a large runed translucent door.
 28173 | Gauntlet | Found a large runed translucent door.
 28174 | Gauntlet | Found a runed translucent gate.
 28174 | Gauntlet | Found a runed translucent gate.
 28174 | Gauntlet | Found a runed translucent gate.
 28176 | Gauntlet | Found a transporter.
 28186 | Gauntlet | Found a large runed translucent door.
 28187 | Gauntlet | Found a large runed translucent door.
 28192 | Gauntlet | Found a transporter.
 28208 | Gauntlet | Found a transporter.
 28222 | Gauntlet | Found a transporter.
 28243 | Gauntlet | Found a transporter.
 28378 | Gauntlet | Found a transporter.
 28392 | Gauntlet | Found a transporter.
 28405 | Gauntlet | Found a transporter.
 28526 | Gauntlet | Found a transporter.
 28526 | Gauntlet | Found a transporter.
 28536 | Gauntlet | Found a transporter.
 28718 | Gauntlet | Identified the amulet of Autumn {Acrobat Contam Rampage
                  | Will+++ Str+2}
 28769 | Gauntlet | Identified the +1 leather armour of the Trombone {rElec
                  | Int+2}
 28778 | Gauntlet | Identified the ring of Autumn {EV+4 Str-5 Int+7}
 29152 | D:13     | Noticed Frances
 29175 | D:13     | Killed Frances
 29552 | D:13     | Found a runed translucent door.
 29570 | D:13     | Noticed Xyoprad's ghost (journeyman FoFi)
 29588 | D:13     | Noticed Maurice
 29606 | D:13     | Killed Maurice
 30090 | D:13     | Reached skill level 10 in Dodging
 30927 | D:14     | Found Ikkuahig's Armour Emporium.
 31792 | D:15     | Entered Level 15 of the Dungeon
 32295 | D:15     | Found a staircase to the Depths.
 32343 | D:15     | Reached skill level 10 in Spellcasting
 32866 | D:15     | Reached skill level 5 in Transmutations
 33131 | D:15     | Acquired a book of Dangerous Friends
 33137 | D:15     | Learned a level 3 spell: Summon Guardian Golem
 33185 | D:15     | Gained mutation: You are mostly covered in icy blue scales.
                  | (AC +3) [demonic ancestry]
 33185 | D:15     | Reached XP level 16. HP: 124/124 MP: 26/30
 33661 | Spider:1 | Entered Level 1 of the Spider Nest
 33667 | Spider:1 | Noticed Aizul
 33702 | Spider:1 | Killed Aizul
 35015 | Spider:1 | Learned a level 4 spell: Petrify
 35192 | Spider:2 | Noticed Agnes
 35425 | Spider:2 | Killed Agnes
 35615 | Spider:2 | Noticed Asterion
 35620 | Spider:2 | Reached skill level 1 in Summonings
 35629 | Spider:2 | Reached skill level 1 in Earth Magic
 35629 | Spider:2 | Killed Asterion
 37800 | Spider:3 | Noticed Arachne
 38886 | Spider:3 | Killed Arachne
 38985 | Spider:3 | Identified the +2 robe "Igraa" {+Inv Will+ Str+4 Slay+3}
 39122 | Spider:3 | Found a transporter.
 39139 | Spider:3 | Found a transporter.
 39459 | Spider:4 | Entered Level 4 of the Spider Nest
 39573 | Spider:4 | Identified the +0 kite shield of Gyigin {rPois Str+6 Int-5}
 39573 | Spider:4 | Noticed Donald
 39593 | Spider:4 | Noticed Mara
 39601 | Spider:3 | Killed Donald
 39602 | Spider:3 | Reached XP level 17. HP: 24/133 MP: 0/32
 40269 | Spider:3 | Learned a level 5 spell: Yara's Violent Unravelling
 40668 | Spider:4 | Noticed croobank's illusion
 40678 | Spider:4 | Noticed croobank's illusion
 40688 | Spider:3 | Killed Mara
 41702 | Spider:4 | Got a gossamer rune of Zot
 42236 | Shoals:1 | Entered Level 1 of the Shoals
 42236 | Shoals:1 | Noticed Nikola
 42270 | Shoals:1 | Killed Nikola
 43838 | Shoals:1 | Found a shimmering altar of Xom.
 43879 | Shoals:1 | Noticed a kraken
 43897 | Shoals:1 | Killed a kraken
 44852 | Shoals:2 | Found a runed translucent gate.
 44853 | Shoals:2 | Found a runed translucent gate.
 44854 | Shoals:2 | Found a runed translucent gate.
 45831 | Shoals:3 | Found a runed translucent gate.
 45831 | Shoals:3 | Found a runed translucent gate.
 45831 | Shoals:3 | Found a runed translucent gate.
 45832 | Shoals:3 | Noticed ctx's ghost (adept GnFi)
 46256 | Shoals:3 | Identified the +1 buckler "Xicewes" {rElec Dex+3}
 46458 | Shoals:3 | Found a flickering gateway to a bazaar.
 46472 | Bazaar   | Entered a bazaar
 46473 | Bazaar   | Found Xioluest's Antique Weapon Shop.
 46473 | Bazaar   | Found Moqorikh's Assorted Antiques.
 46474 | Bazaar   | Found Nafyrady's General Store.
 46491 | Bazaar   | Bought a scroll of teleportation for 39 gold pieces
 46502 | Bazaar   | Bought a scroll of fear for 92 gold pieces
 46502 | Bazaar   | Bought a potion of brilliance for 92 gold pieces
 46502 | Bazaar   | Bought a potion of attraction for 69 gold pieces
 46502 | Bazaar   | Bought a scroll of butterflies for 92 gold pieces
 46505 | Bazaar   | Found Ughel's Antique Weapon Emporium.
 46513 | Bazaar   | Bought the +8 mithril axe "Arga" {speed, Will+} for 2325
                  | gold pieces
 46513 | Bazaar   | Found the +8 mithril axe "Arga" {speed, Will+}
 46811 | Shoals:3 | Learned a level 5 spell: Freezing Cloud
 46982 | Shoals:4 | Entered Level 4 of the Shoals
 47994 | Shoals:4 | Reached skill level 1 in Axes
 47994 | Shoals:4 | Reached skill level 1 in Air Magic
 47994 | Shoals:4 | Gained mutation: Spells you cast may paralyse nearby
                  | enemies. [demonic ancestry]
 47994 | Shoals:4 | Reached XP level 18. HP: 123/143 MP: 34/34
 47999 | Shoals:4 | Reached skill level 1 in Ice Magic
 48773 | Shoals:4 | Reached skill level 10 in Short Blades
 49450 | Shoals:4 | Noticed Roxanne
 49459 | Shoals:4 | Got a barnacled rune of Zot
 49621 | Shoals:4 | Reached skill level 5 in Summonings
 51245 | Elf:1    | Entered Level 1 of the Elven Halls
 51282 | Elf:1    | Reached skill level 2 in Axes
 51284 | Elf:1    | Paralysed by an air elemental for 1 turns
 51831 | Elf:1    | Reached skill level 5 in Earth Magic
 52014 | Elf:1    | Reached skill level 3 in Axes
 52020 | Elf:1    | Found Ipsome's Antique Weapon Emporium.
 53752 | Elf:2    | Found a runed translucent gate.
 53752 | Elf:2    | Found a runed translucent gate.
 53752 | Elf:2    | Found a runed translucent gate.
 53760 | Elf:2    | Reached skill level 4 in Axes
 54626 | Elf:2    | Found Ofail's Assorted Antiques.
 55311 | Elf:2    | Reached XP level 19. HP: 150/150 MP: 36/36
 55374 | Elf:2    | Reached skill level 5 in Axes
 55618 | Elf:3    | Entered Level 3 of the Elven Halls
 55783 | Elf:3    | Paralysed by an air elemental for 1 turns
 55814 | Elf:3    | Paralysed by an air elemental for 1 turns
 56518 | Elf:3    | Noticed a Brimstone Fiend
 56980 | Vaults:1 | Entered Level 1 of the Vaults
 57383 | Vaults:1 | Reached skill level 6 in Axes
 58139 | Vaults:1 | Found Teenyu's Book Boutique.
 58146 | Vaults:1 | Bought a book of the Wilderness for 532 gold pieces
 58146 | Vaults:1 | Bought a book of Beasts for 532 gold pieces
 58152 | Vaults:1 | Learned a level 5 spell: Summon Mana Viper
 58738 | D:13     | Reached skill level 7 in Axes
 59283 | Vaults:1 | Reached skill level 8 in Axes
 59547 | Vaults:1 | Noticed Zenata
 59568 | Vaults:1 | Killed Zenata
 59686 | Vaults:1 | Reached skill level 9 in Axes
 61120 | Vaults:2 | Reached skill level 10 in Axes
 61261 | Vaults:2 | Gained mutation: You are completely covered in icy blue
                  | scales. (AC +4, rC+) [demonic ancestry]
 61261 | Vaults:2 | Reached XP level 20. HP: 99/158 MP: 37/37
 61353 | Vaults:2 | Found Myvifown's Weapon Emporium.
 61588 | Vaults:2 | Reached skill level 11 in Axes
 63268 | Vaults:3 | Reached skill level 12 in Axes
 64159 | Vaults:3 | Found a staircase to the Crypt.
 64550 | Vaults:3 | Found Xuakk's Book Emporium.
 64804 | Vaults:4 | Reached skill level 13 in Axes
 64949 | Vaults:4 | Found a flickering gateway to a bazaar.
 64963 | Bazaar   | Entered a bazaar
 65002 | Bazaar   | Found Uthoh's Distillery.
 65006 | Bazaar   | Bought a potion of haste for 100 gold pieces
 65006 | Bazaar   | Bought a potion of haste for 100 gold pieces
 65006 | Bazaar   | Bought a potion of magic for 80 gold pieces
 65006 | Bazaar   | Bought a potion of invisibility for 80 gold pieces
 65006 | Bazaar   | Found Hoifes's Magic Scroll Boutique.
 65006 | Bazaar   | Found Peofacs's Assorted Antiques.
 65007 | Bazaar   | Found Itiwoher's General Store.
 65012 | Bazaar   | Bought a potion of heal wounds for 85 gold pieces
 65012 | Bazaar   | Bought a potion of heal wounds for 85 gold pieces
 65017 | Bazaar   | Bought a scroll of blinking for 90 gold pieces
 65017 | Bazaar   | Bought a scroll of blinking for 90 gold pieces
 65022 | Bazaar   | Bought a potion of cancellation for 176 gold pieces
 65022 | Bazaar   | Bought a scroll of blinking for 165 gold pieces
 65736 | Vaults:4 | Reached skill level 14 in Axes
 66032 | Vaults:4 | Identified the +6 scale mail of Trumpets {+Inv rC+}
 67284 | Depths:1 | Entered Level 1 of the Depths
 67361 | Depths:1 | Found a gateway to Hell.
 67366 | Depths:1 | Noticed a bone dragon
 67385 | Depths:1 | Killed a bone dragon
 67386 | Depths:1 | Reached skill level 15 in Axes
 67792 | Depths:1 | Gained mutation: Spells you cast and wands you use may
                  | paralyse nearby enemies. [demonic ancestry]
 67792 | Depths:1 | Reached XP level 21. HP: 163/163 MP: 38/38
 68101 | Depths:1 | Found Bylul's Magic Scroll Boutique.
 68165 | Depths:1 | Found an ancient bone altar of Kikubaaqudgha.
 68253 | Depths:1 | Found an iron altar of Okawaru.
 68274 | Depths:1 | Found a runed translucent door.
 68281 | Depths:1 | Noticed a golden dragon
 68625 | Depths:2 | Found a one-way gate to the infinite horrors of the Abyss.
 68627 | Depths:2 | Noticed Louise
 68629 | Depths:2 | Killed Louise
 68710 | Depths:2 | Reached skill level 16 in Axes
 69317 | Depths:2 | Found a sacrificial altar of Ru.
 69511 | Depths:2 | Reached skill level 17 in Axes
 69966 | Depths:2 | Found a one-way gate leading to the halls of Pandemonium.
 70404 | Depths:3 | Noticed Vv
 70483 | Depths:3 | Killed Vv
 70755 | Depths:3 | Noticed Parghit
 70818 | Depths:3 | Killed Parghit
 71246 | Depths:3 | Found a broken altar of Ashenzari.
 71279 | Depths:3 | Noticed Margery
 72102 | Elf:3    | Identified the ring "Sozeir" {Fly rCorr Int+3}
 72102 | Elf:3    | Identified the +2 flail of the Peculiar Demons {spect, rN+
                  | Str-2 SInv}
 72113 | Elf:3    | Identified the +5 mace of Offence {vamp, Stlth+}
 72337 | Elf:3    | Identified the +3 mace "Ukufiqaahu" {distort, rF+ Str+4
                  | Dex+4 SInv}
 72342 | Elf:3    | Reached skill level 5 in Ice Magic
 72379 | Elf:3    | Reached skill level 5 in Air Magic
 72621 | Elf:3    | Identified the +0 plate armour of Diqamom {Rampage rElec
                  | Dex-3}
 73554 | Elf:3    | Got Sif Muna's Volume of the Entourage and Clouds
 73893 | D:11     | Bought the ring of Wu Jian's Whim {rF+ AC+4 Str+4 Stlth-}
                  | for 627 gold pieces
 74428 | Depths:3 | Killed Margery
 74737 | Depths:3 | Gained mutation: Your hexes are more powerful. [demonic
                  | ancestry]
 74737 | Depths:3 | Reached XP level 22. HP: 101/172 MP: 15/39
 75078 | Depths:4 | Entered Level 4 of the Depths
 77222 | Depths:4 | Noticed a golden dragon
 78172 | Depths:4 | Found a gate to the Realm of Zot.
 78175 | Depths:4 | Killed a golden dragon
 79740 | Depths:4 | Found a one-way gateway to a ziggurat.
 79753 | Depths:4 | Found Jiont's Book Shop.
 79754 | Depths:4 | Found Yjyalyos's Jewellery Emporium.
 79755 | Depths:4 | Found Rell's Book Shop.
 79767 | Depths:4 | Learned a level 5 spell: Summon Forest
 80044 | Depths:4 | Bought the amulet "Geririf" {Spirit rN+ Int+4} for 942 gold
                  | pieces
 80044 | Depths:4 | Bought a ring of protection from fire for 475 gold pieces
 80053 | Depths:4 | Bought a book of Decay for 714 gold pieces
 80307 | Crypt:1  | Entered Level 1 of the Crypt
 80337 | Crypt:1  | Identified the +2 ring mail of Neesha Wahe {Fly rPois Will+
                  | Dex+4}
 80410 | Crypt:1  | Noticed Saint Roka
 80446 | Crypt:1  | HP: 7/173 [jiangshi[a vampire mage] (15)]
 80446 | Crypt:1  | HP: 3/173 [Saint Roka/+0 vorpal great sword (4)]
 80453 | Crypt:1  | Killed from afar by Saint Roka

Illustrated notes

Levels and vault maps discovered:
D:1:      matt_arrival_los_fun, layout_rooms,
          hellmonk_ecumenical_altar_prayer_group
D:2:      layout_basic, basic_altar, chequers_jeans
D:3:      layout_basic, general_overflow_altar, xom_butterflies, serial_forest,
          infiniplex_forest_join, infiniplex_forest_straight_2,
          infiniplex_forest_straight_3, infiniplex_forest_end_2
D:4:      layout_rooms, amcnicky_altar_gilded, minmay_temple_entry_statues,
          lightli_sewer_entry_pipes, chequers_serial_rivers_marsh, uniq_edmund,
          uniq_sigmund, uniq_ijyb
D:5:      layout_gridville
D:6:      layout_loops_ring, tgw_fedhas, serial_shops, shop, nicolae_sextant,
          chequers_serial_rivers_micro_b
D:7:      minmay_slanted_spiral_squares, layout_rooms,
          nicolae_wu_jian_wuxing_cycle, enter_bailey_2
D:8:      layout_basic, slow_altar_2, dreamdust_mushroom_princess,
          amcnicky_mini_pool_small, uniq_prince_ribbit1
D:9:      layout_roguey, nicolae_uskayaw_en_pointe, mainiacjoe_overflow_paths,
          david_orc_4, minivault_25, minmay_variable_closet
D:10:     layout_stronghold, fiery_altar_vehumet
D:11:     gammafunk_mikee_crab_dinner, layout_small_grid, erik_lair_island,
          special_room [special_room_orc], minmay_microvault, uniq_sonja
D:12:     layout_rooms, demons_altar
D:13:     layout_irregular_city, skrybe_vaults_entry_preservation,
          gauntlet_entry_generic, ebering_ghost_reflecting_pool, uniq_frances,
          uniq_maurice
D:14:     layout_layer_cave, serial_shops, shop, elyvilon_altar_1
D:15:     gammafunk_enter_depths_forms, layout_long_grid
Temple:   nicolae_temple_god_jail
Lair:1:   layout_layer_cave, special_room [special_room_bee],
          grunt_megastairs_5, infiniplex_staircase_pool_2
Lair:2:   layout_regular_city, elwin_shoals_entry_stream, spider_nest_entry_a,
          portal_ice_cave_entry_ice_simulacra, st_stairs_5, beast_lair_carwin_3,
          grunt_megastairs_1
Lair:3:   cheibrodos_lair_river_kwai, layout_regular_city
Lair:4:   layout_small_grid, uniq_josephine, uniq_kirke
Lair:5:   minmay_lair_end_frog_pond, layout_gridlike, slime_entry_1,
          lemuel_fruit_fields, uniq_nessos
Shoals:1: layout_shoals, wheals_shoals_ruined_temple, uniq_nikola
Shoals:2: layout_shoals, nicolae_shoals_beach_cooler
Shoals:3: layout_shoals, gammafunk_ghost_split, serial_shops, bzr_entry_water
Shoals:4: shoals_end_grunt_garden, layout_shoals, uniq_roxanne
Spider:1: layout_spider_delve, hangedman_spider_tarantella_strand, uniq_aizul
Spider:2: layout_spider_delve, uniq_asterion, uniq_agnes
Spider:3: gammafunk_sealed_arena, hellmonk_motheaten_closet, uniq_arachne
Spider:4: grunt_spider_rune_parallel, uniq_mara, uniq_donald
Orc:1:    layout_diamond_mine, nicolae_specific_store, uniq_snorg
Orc:2:    st_orc_ogre_mass, layout_caves, serial_shops, shop,
          nicolae_shop_self_help
Elf:1:    layout_loops_ring, serial_shops, nicolae_shop_crystal,
          hangedman_elf_represent
Elf:2:    elven_hall_of_blades_hangedman_original [nicolae_blade_lattice],
          layout_gridlike, serial_shops, shop
Elf:3:    minmay_elf_hall_not_hex, layout_loops_ring
Vaults:1: v_rooms_1, nicolae_vaults_network_quincunx
          [nicolae_vaults_network_quincunx_subvault,
          nicolae_vaults_network_quincunx_subvault,
          nicolae_vaults_network_quincunx_subvault,
          nicolae_vaults_network_quincunx_subvault,
          nicolae_vaults_network_quincunx_subvault], grunt_vaults_hallway_short,
          vaults_room_stairs_pillars, grunt_vaults_focal,
          hangedman_vaults_stream, ontoclasm_vaults_claustrophobia,
          vaults_room_pool, vaults_mumra_minichess, vaults_mumra_hex,
          vaults_dpeg_emergency_exit, vaults_room_stairs_pillars,
          ontoclasm_vaults_loading_screen, nicolae_vaults_little_squares_6,
          vaults_standard_mumra_enter_the_diamond, layout_vaults_omnicross,
          serial_shops, shop, uniq_zenata
Vaults:2: vaults_dpeg_cross, v_misc_18, v_alt_pattern_2, v_alt_pattern_1,
          serial_ice_b, nicolae_vaults_yaktaur_gun_rack, v_misc_17,
          nicolae_vaults_little_squares_1, ontoclasm_vaults_loading_screen,
          layout_vaults_chaotic_city, serial_shops, nicolae_shop_behind_doors
Vaults:3: st_cells, minmay_crypt_entry_simple_box, v_misc_15,
          layout_vaults_omnigrid, serial_shops, nicolae_lakefront_shop
Vaults:4: hangedman_vaults_hat, hangedman_vaults_stitches,
          ontoclasm_vaults_spin, v_misc_26, v_misc_17, ontoclasm_vaults_idyll,
          v_misc_8, v_misc_26, v_misc_24, nicolae_vaults_little_squares_6,
          v_pattern_5, vaults_room_stairs_pillars, nicolae_vaults_rhombus_5,
          vaults_room_pools, vaults_room_door_ring, v_alt_pattern_4,
          hangedman_vaults_stretched_pinwheel, layout_vaults_omnibox,
          serial_shops, bzr_in_the_mist
Crypt:1:  layout_rooms, minivault_24, lemuel_upstairs_altar,
          grunt_crypt_arrival_split, uniq_saint_roka, uniq_jory
Depths:1: layout_roguey, grunt_mini_vestibule, kiku_gazebo_pond_becter,
          minmay_st_funbox, okawaru_trees_1, serial_bayou_shore_a,
          serial_bayou_shore_b, minmay_shop_star
Depths:2: hellmonk_ruined_rings, layout_cross, hell_entry,
          grunt_pan_entry_sceptre, hellmonk_bongcloud_opening,
          nicolae_abyss_entry_one_way_or_another,
          nicolae_ru_the_path_less_chosen
Depths:3: nicolae_cairo_tiling, layout_gridville, hell_entry,
          nicolae_ashenzari_skybound, abyss_entry_small_statue_room, uniq_vv,
          uniq_josephina, uniq_margery, uniq_parghit
Depths:4: evilmike_zot_entry_argh, layout_cave_shapes, enter_ziggurat_c,
          minmay_door_square, pf_hell_entry_tar_river, minmay_shop_grove,
          serial_bayou_shore_b

Skill      XL: |  1  2  3  4  5  6  7  8  9 10 11 12 13 14 15 16 17 18 19 20 21 22 |
---------------+-------------------------------------------------------------------+-----
Dodging        | 2 3 4 5 6 7 8 9 10 11 12 13 | 13.0
Stealth        | 2 3 4 5 6 7 8 9 10 12 13 | 13.9
Fighting       | 1 2 3 4 5 6 7 8 9 10 12 13 14 | 14.5
Hexes          | 1 2 3 4 5 6 7 8 9 |  9.0
Spellcasting   | 3 4 5 6 7 8 9 10 11 12 13 | 13.7
Conjurations   | 5 6 7 8 9 10 | 10.9
Translocations | 2 3 5 6 7 8 9 |  9.3
Shields        | 3 5 6 8 10 | 10.0
Short Blades   | 2 4 5 7 8 9 10 | 10.0
Transmutations | 2 5 6 |  6.8
Summonings     | 2 4 5 6 7 |  7.4
Earth Magic    | 2 4 5 |  5.0
Axes           | 1 4 10 15 17 | 17.6
Air Magic      | 1 3 4 5 6 |  6.2
Ice Magic      | 3 4 5 6 |  6.3

Action                   |  1- 3 |  4- 6 |  7- 9 | 10-12 | 13-15 | 16-18 | 19-21 | 22-24 || total
-------------------------+-------+-------+-------+-------+-------+-------+-------+-------++-------
Melee: Dagger            |    16 |    30 |   151 |   337 |   633 |   822 |   367 |    58 ||  2414
       Punch             |       |     1 |     4 |     1 |       |       |       |       ||     6
       Staff             |       |       |       |       |       |    15 |       |       ||    15
       Broad axe         |       |       |       |       |       |       |   423 |   144 ||   567
Throw: Throwing net      |       |       |       |     1 |     2 |       |       |       ||     3
       Dart              |       |       |       |       |       |     1 |     4 |       ||     5
 Cast: Magic Dart        |    69 |    33 |    54 |    90 |    96 |    86 |    17 |       ||   445
       Searing Ray       |     8 |    18 |    56 |    85 |   114 |   147 |    64 |     5 ||   497
       Dazzling Flash    |       |     3 |    18 |    10 |    52 |    17 |       |       ||   100
       Iskenderun's Myst |       |       |    10 |   114 |   254 |   331 |   202 |    34 ||   945
       Fulminant Prism   |       |       |       |     1 |     7 |     1 |       |       ||     9
       Irradiate         |       |       |       |       |       |    60 |    92 |    38 ||   190
       Summon Guardian G |       |       |       |       |       |    16 |    25 |     6 ||    47
       Petrify           |       |       |       |       |       |    64 |    25 |     1 ||    90
       Blink             |       |       |       |       |       |     1 |       |     2 ||     3
       Yara's Violent Un |       |       |       |       |       |     6 |    29 |     5 ||    40
       Freezing Cloud    |       |       |       |       |       |     7 |    53 |     6 ||    66
       Summon Mana Viper |       |       |       |       |       |       |    76 |    19 ||    95
Invok: Call Merchant     |       |       |       |     1 |       |     1 |       |       ||     2
       Potion Petition   |       |       |       |       |       |     5 |     2 |       ||     7
Evoke: Wand              |       |       |     1 |    13 |     2 |     2 |     5 |     4 ||    27
       Condenser vane    |       |       |       |       |       |     1 |     1 |     1 ||     3
       Phial of floods   |       |       |       |       |       |       |     1 |     1 ||     2
       Phantom mirror    |       |       |       |       |       |       |     1 |     1 ||     2
       Tin of tremorston |       |       |       |       |       |       |     1 |       ||     1
  Use: Scroll            |       |     6 |    11 |    20 |     9 |    18 |    16 |     1 ||    81
       Potion            |       |       |     6 |     6 |     9 |    11 |    16 |     6 ||    54
 Stab: Sleeping          |     1 |     1 |     4 |     7 |    10 |    20 |    28 |     2 ||    73
       Paralysed         |     1 |     8 |    25 |    27 |    37 |    51 |    87 |    15 ||   251
       Invisible         |       |       |     8 |     4 |    11 |    13 |     6 |       ||    42
       Distracted        |       |       |     1 |     3 |    14 |     5 |    14 |     1 ||    38
       Held in net/web   |       |       |       |       |     1 |       |       |       ||     1
       Petrifying        |       |       |       |       |       |     6 |     3 |       ||     9
       Petrified         |       |       |       |       |       |    24 |     7 |       ||    31
Armor: Robe              |     5 |    16 |    15 |       |       |       |       |       ||    36
       Troll leather arm |       |       |    58 |   135 |   132 |   347 |   195 |    72 ||   939
Dodge: Dodged            |    14 |    22 |   190 |   302 |   379 |  1062 |   690 |   216 ||  2875
       Repelled          |       |       |       |       |       |    30 |    10 |     8 ||    48
Block: Other             |       |     8 |    47 |    50 |       |       |       |       ||   105
       Buckler           |       |       |       |   179 |   406 |   773 |   487 |   138 ||  1983
